 Dungeon Crawl Stone Soup version 0.29.0-7-g18a832c13a (webtiles) character file.

Game seed: 5429539032476337437

169909 Arum the Warrior (level 18, -2/162 HPs)
             Began as a Formicid Fighter on Aug 30, 2022.
             Was an Initiate of Gozag.
             Slain by an emperor scorpion (5 damage)
             ... on level 4 of the Spider Nest.
             The game lasted 01:08:44 (37108 turns).

Arum the Warrior (Formicid Fighter)                Turns: 37108, Time: 01:08:45

Health: -2/162     AC: 24    Str: 27      XL:     18   Next: 61%
Magic:  0/18       EV: 13    Int:  6      God:    Gozag
Gold:   6632       SH:  8    Dex: 15 (17) Spells: 17/17 levels left

rFire   + . .      SeeInvis +   M - +6 lajatang (vamp)
rCold   + + .      Faith    .   c - +0 buckler
rNeg    . . .      Spirit   +   G - +2 plate armour {rF+}
rPois   +          Reflect  .   (helmet unavailable)
rElec   .          Harm     .   y - scarf {rC+ rF+}
rCorr   .          Rampage  .   C - +0 pair of gloves
Will    +++..                   D - +2 pair of boots {Fly}
Stlth   ..........              V - amulet of guardian spirit
HPRegen 0.37/turn               p - ring of poison resistance
MPRegen 0.16/turn               K - ring of Xaycae {Ice Will++ Int-4 Dex+4 Stlth+}

@: lethally poisoned (-2 -> -33), flying, studying Evocations
A: permanent stasis, dig shafts and tunnels, antennae 3, four strong arms
a: Dig, Shaft Self, Renounce Religion, Potion Petition, Call Merchant, Bribe
Branch


You were on level 4 of the Spider Nest.
You worshipped Gozag.
Gozag was greatly pleased with you.
You visited 4 branches of the dungeon, and saw 26 of its levels.
You also visited: Sewer and Ice Cave.

You collected 11988 gold pieces.
You spent 2741 gold pieces at shops.
You paid 2615 gold pieces to Gozag.

Inventory:

Hand Weapons
 a - a +0 quarterstaff of protection
 M - a +6 vampiric lajatang (weapon)
Missiles
 v - 4 throwing nets
 B - 5 silver javelins
 X - 4 boomerangs of dispersal
Armour
 c - a +0 buckler (worn)
 y - a scarf of resistance (worn)
 C - a +0 pair of gloves (worn)
 D - a +2 pair of boots of flying (worn)
 G - a +2 plate armour of fire resistance (worn)
 J - the +1 pair of boots of the Gate {rC+ Int-5 Dex+3 Slay+4}
   (You found it on level 13 of the Dungeon)

   Int:       It affects your intelligence (-5).
   Dex:       It affects your dexterity (+3).
   Slay:      It affects your accuracy & damage with ranged weapons and melee
   (+4).
   rC:        It protects you from cold.
Jewellery
 b - an amulet of magic regeneration
 o - a ring of resist corrosion
 p - a ring of poison resistance (left hand)
 q - a +6 ring of intelligence
 H - a ring of flight
 I - a ring of positive energy
 K - the ring of Xaycae (right hand) {Ice Will++ Int-4 Dex+4 Stlth+}
   (You acquired it on level 12 of the Dungeon)

   [ring of ice]

   It enhances your ice magic.
   Int:       It affects your intelligence (-4).
   Dex:       It affects your dexterity (+4).
   rF:        It makes you vulnerable to fire.
   rC:        It protects you from cold.
   Will:      It greatly increases your willpower.
   Stlth:     It makes you more stealthy.
 L - a ring of ice
 O - a ring of fire
 U - a ring of protection from cold
 V - an amulet of guardian spirit (around neck)
Wands
 N - a wand of digging (6)
Scrolls
 d - 2 scrolls of butterflies
 i - a scroll of noise
 k - 5 scrolls of fear
 m - 3 scrolls of amnesia
 s - 8 scrolls of identify
 u - 2 scrolls of magic mapping
 w - a scroll of poison
 A - a scroll of silence
 E - 3 scrolls of vulnerability
 F - 4 scrolls of immolation
 Q - 2 scrolls of torment
 W - 2 scrolls of brand weapon
 Z - a scroll of summoning
Potions
 e - 4 potions of curing
 f - 2 potions of resistance
 g - a potion of magic
 h - 6 potions of mutation
 j - 6 potions of flight
 l - a potion of heal wounds
 n - 7 potions of brilliance
 r - 9 potions of attraction
 t - a potion of might
 z - 3 potions of lignification
 P - a potion of invisibility
 S - a potion of ambrosia
 Y - a potion of cancellation
Miscellaneous
 x - a phial of floods (inert)
 R - a phantom mirror (inert)


   Skills:
 + Level 20.1 Fighting
 + Level 14.7 Staves
 + Level 15.8 Armour
 - Level 11.4 Dodging
 - Level 16.2 Shields


You had 17 spell levels left.
You didn't know any spells.
Your spell library contained the following spells:

 Spells                   Type           Power      Damage    Failure   Level
 Apportation              Tloc           0%         N/A       98%         1
 Foxfire                  Conj/Fire      0%         2x1d4     98%         1
 Magic Dart               Conj           0%         1d3       98%         1
 Necrotise                Necr           0%         1d4       98%         1
 Sting                    Tmut/Pois      0%         1d3       98%         1
 Summon Small Mammal      Summ           0%         N/A       98%         1
 Call Imp                 Summ           0%         N/A       99%         2
 Poisonous Vapours        Pois/Air       0%         N/A       99%         2
 Conjure Flame            Conj/Fire      0%         6-21      100%        3
 Dazzling Flash           Conj/Hex       0%         N/A       100%        3
 Frozen Ramparts          Ice            0%         1d1       100%        3
 Gell's Gravitas          Tloc           0%         N/A       100%        3
 Inner Flame              Hex/Fire       0%         N/A       100%        3
 Lesser Beckoning         Tloc           0%         N/A       100%        3
 Mephitic Cloud           Conj/Pois/Air  0%         N/A       100%        3
 Teleport Other           Tloc           0%         N/A       100%        3
 Tukima's Dance           Hex            0%         N/A       100%        3
 Vampiric Draining        Necr           0%         2d6       100%        3
 Animate Armour           Summ/Erth      0%         N/A       100%        4
 Flame Wave               Conj/Fire      0%         2d4       100%        4
 Ice Form                 Ice/Tmut       0%         N/A       100%        4
 Olgreb's Toxic Radiance  Pois           0%         N/A       100%        4
 Passage of Golubria      Tloc           0%         N/A       100%        4
 Summon Ice Beast         Ice/Summ       0%         N/A       100%        4
 Summon Lightning Spire   Summ/Air       0%         N/A       100%        4
 Agony                    Necr           0%         N/A       100%        5
 Alistair's Intoxication  Tmut/Pois      0%         N/A       100%        5
 Borgnjor's Vile Clutch   Necr/Erth      0%         N/A       100%        5
 Fireball                 Conj/Fire      0%         3d3       100%        5
 Freezing Cloud           Conj/Ice/Air   0%         6-21      100%        5
 Silence                  Hex/Air        0%         N/A       100%        5
 Yara's Violent Unravell  Hex/Tmut       0%         3d3       100%        5
 Dispersal                Tloc           0%         N/A       100%        6
 Eringya's Noxious Bog    Tmut/Pois      0%         N/A       100%        6
 Starburst                Conj/Fire      0%         6d3       100%        6
 Orb of Destruction       Conj           0%         9d5       100%        7
 Disjunction              Tloc           0%         N/A       100%        8
 Ignition                 Fire           0%         3d3       100%        8
 Lehudib's Crystal Spear  Conj/Erth      0%         10d2      100%        8
 Polar Vortex             Ice            0%         N/A       100%        9
 Simulacrum               Ice/Necr       Unusable   N/A       N/A         6

Dungeon Overview and Level Annotations

Branches:
Dungeon (15/15)            Temple (0/1) D:7            Lair (5/5) D:10
 Shoals (0/4) Lair:3       Spider (4/4) Lair:3        Slime (0/5) Lair:4
    Orc (2/2) D:9             Elf (0/3) Orc:2        Vaults (0/5) D:14
 Depths (0/4) D:15          Sewer (visited)           IceCv (visited)

Altars:
Ashenzari
Elyvilon
Fedhas
Gozag
Kikubaaqudgha
Nemelex Xobeh
Okawaru
Qazlal
Sif Muna
Trog
Uskayaw
Zin
The Shining One

Shops:
D:1 [   D:4 ([   D:13 *   D:15 **   Orc:1 :   Orc:2 *(:*

Annotations:
D:14 1 runed translucent door, 112233's ghost, journeyman OpEE
D:15 3 runed translucent doors, exclusion: obsidian statue, Giaff's ghost, journeyman DsGl
Lair:1 2 transporters, t4s4d4r's ghost, journeyman GrEE


Innate Abilities, Weirdness & Mutations

You cannot be hasted, slowed, berserked, paralysed or teleported.
You can dig through walls and to a lower floor.
You have a pair of large antennae on your head. (SInv)
Your four strong arms can wield two-handed weapons with a shield.


Message History

The emperor scorpion claws you but does no damage.
The emperor scorpion closely misses you.
The spark wasp stings your emperor scorpion.
The spark wasp shocks your emperor scorpion!
Your emperor scorpion is no longer distracted by gold.
You block the emperor scorpion's attack.
The emperor scorpion claws you but does no damage.
You block the emperor scorpion's attack.
Your emperor scorpion stings the spark wasp.
The spark wasp looks as sick as possible!
Your emperor scorpion poisons the spark wasp!
Your emperor scorpion claws the spark wasp but does no damage. x2
You hear an angry buzzing noise.
You hit the emperor scorpion but do no damage.
The emperor scorpion is severely wounded.
Your emperor scorpion is no longer berserk.
The emperor scorpion stings you!!
* * * LOW HITPOINT WARNING * * *
The emperor scorpion claws you but does no damage.
You block the emperor scorpion's attack.
Your emperor scorpion stings the spark wasp!
Your emperor scorpion claws the spark wasp but does no damage.
Your emperor scorpion misses the spark wasp.
The spark wasp barely misses your emperor scorpion.
Unknown command.
Unknown command.
You slash the emperor scorpion!
Flame seeps out of the emperor scorpion.
You feel better.
The emperor scorpion is severely wounded.
The emperor scorpion is no longer berserk.
The emperor scorpion is no longer distracted by gold.
The emperor scorpion is engulfed in blazing flames.
Flame seeps out of the emperor scorpion.
The emperor scorpion stings you!!
* * * LOW HITPOINT WARNING * * *
You are lethally poisoned!
The emperor scorpion poisons you! The emperor scorpion claws you.
You die...
Your body crumbles into a pile of gold.

##### #~~$### ###
#####ysy..#######~~##
###~~.~sys.$..~.#~~~..^
######~~...@##..##^..~~~~..#
#####~~~#...~#~~##~.###~.(~##.##
#..~~~~~~..~#####${~# ##~...# #
#...~##~...~# #^$## #~.^~#
#^####~..~~## #''# ##..~##
######~.~### ..##. ##..~##
##.~.~## #|.y .. ####~.~#
##...~~# +.^^y$!![ #..#..~#
#^..~~#### ### #####.~~~..##


You could see 2 emperor scorpions, a spark wasp (distracted, extremely poisoned,
ally target), 2 hornets and a friendly emperor scorpion (summoned, slow,
drained).

Vanquished Creatures
  Nikola (Spider:3)
  Frances (D:13)
  Kirke (D:15)
  4 emperor scorpions
  3 ghost moths
  A very ugly thing (D:15)
  3 broodmothers
  A reaper (IceCv)
  5 entropy weavers
  4 dire elephants (Lair:5)
  3 spark wasps
  An ettin (Orc:2)
  Josephine (D:13)
  A great orb of eyes (D:15)
  7 boulder beetles
  6 hydras
  3 ogre magi
  11 two-headed ogres
  2 radroaches
  4 centaur warriors (D:15)
  A jorogumo (Spider:4)
  3 death yaks (Lair:5)
  A death scarab (Spider:1)
  4 tengu warriors
  An iron troll (Orc:2)
  2 spectral death yaks (Lair:5)
  A spectral anaconda (Lair:5)
  2 sun moths (Spider:4)
  2 pharaoh ants
  6 steelbarb worms
  A deep troll (Orc:2)
  11 orb spiders
  An obsidian statue (Lair:5)
  4 orc knights
  3 necromancers (Lair:5)
  2 deep elf pyromancers
  7 cyclopes
  8 oklob plants (Lair:5)
  29 wolf spiders
  3 orc sorcerers (Orc:2)
  3 manticores
  19 ugly things
  4 moths of wrath
  3 black mambas
  15 elephants
  Joseph (D:10)
  14 cane toads
  3 gargoyles
  2 ice statues (IceCv)
  4 torpor snails
  2 unseen horrors
  4 efreet
  6 demonic crawlers
  5 kobold demonologists
  A tengu conjurer (D:14)
  5 ice devils (IceCv)
  2 rime drakes
  A freezing wraith (IceCv)
  13 komodo dragons
  2 burning bushes (Lair:1)
  2 polar bears (Lair:1)
  10 trolls
  2 meliai
  15 tarantellas
  A tarantella (shapeshifter) (D:15)
  7 hornets
  A spectral elephant (Lair:5)
  16 blink frogs
  A slime creature (shapeshifter) (D:15)
  9 slime creatures
  15 jumping spiders
  18 culicivoras
  2 shadows
  A dire elephant simulacrum (Lair:5)
  A jumping spider (shapeshifter) (D:14)
  7 wraiths
  55 yaks
  5 wyverns
  A vampire (D:12)
  5 basilisks
  4 humans
  3 death yak simulacra
  A steam dragon (D:10)
  9 vampire mosquitoes
  57 redbacks
  3 wargs
  2 spectral cane toads (Lair:5)
  Edmund (D:4)
  An acid dragon (D:14)
  5 water moccasins
  Pargi (Sewer)
  16 orc warriors
  A sky beast (D:7)
  4 black bears
  An ice beast (D:7)
  20 wolves
  A boggart (D:14)
  26 ogres
  13 centaurs
  3 phantoms
  7 kobold brigands
  12 bullfrogs
  4 two-headed ogre simulacra (IceCv)
  3 cane toad simulacra
  A gnoll sergeant (D:10)
  3 scorpions
  14 wights
  20 killer bees
  An elephant simulacrum (IceCv)
  2 electric eels
  5 howler monkeys
  13 orc priests
  3 gnoll boudas
  6 hounds
  4 iguanas
  25 orc wizards
  4 polar bear simulacra (IceCv)
  A troll simulacrum (IceCv)
  Robin (D:3)
  17 gnolls
  12 adders
  5 naga simulacra (IceCv)
  2 shadow imps
  2 white imps (IceCv)
  A worm (D:3)
  2 dart slugs
  64 orcs
  4 endoplasms
  7 giant cockroaches
  18 goblins
  18 hobgoblins
  4 jackals (D:1)
  3 quokkas
  3 ball pythons
  13 bats
  5 frilled lizards
  20 kobolds
  9 rats
948 creatures vanquished.

Vanquished Creatures (others)
  A deep elf knight (D:14)
  An orb spider (Spider:3)
  A steelbarb worm (Spider:3)
  2 ugly things (D:15)
  A basilisk (Lair:3)
  A wight (D:10)
  14 fungi
  16 plants
  17 withered plants (Lair:5)
54 creatures vanquished.

Grand Total: 1002 creatures vanquished

Notes
Turn   | Place    | Note
-------+----------+-------------------------------------------
     0 | D:1      | Arum the Formicid Fighter began the quest for the Orb.
     0 | D:1      | Reached XP level 1. HP: 18/18 MP: 1/1
    66 | D:1      | Found Xil Vowuwio's Antique Armour Boutique.
    94 | D:1      | Reached XP level 2. HP: 24/24 MP: 2/2
   346 | D:1      | Reached XP level 3. HP: 30/30 MP: 3/3
  1056 | D:2      | Reached skill level 4 in Fighting
  1066 | D:2      | Reached XP level 4. HP: 25/37 MP: 4/4
  1482 | D:2      | Found a faded altar of an unknown god.
  1490 | D:2      | Prayed at the altar of an unknown god.
  1490 | D:2      | Became a worshipper of Gozag Ym Sagoz the Greedy
  1662 | D:3      | Identified a scroll of acquirement
  1662 | D:3      | Acquired 763 gold pieces
  1802 | D:3      | Found a glowing drain.
  1807 | Sewer    | Entered a sewer
  1922 | Sewer    | Acquired 884 gold pieces
  2056 | Sewer    | Noticed Pargi
  2074 | Sewer    | Killed Pargi
  2075 | Sewer    | Reached XP level 5. HP: 13/43 MP: 5/5
  2476 | D:3      | Noticed Robin
  2505 | D:3      | Reached XP level 6. HP: 44/47 MP: 6/6
  2513 | D:3      | Killed Robin
  3095 | D:4      | Reached skill level 5 in Fighting
  3095 | D:4      | Reached skill level 5 in Armour
  3309 | D:4      | Noticed Edmund
  3324 | D:4      | Killed Edmund
  3325 | D:4      | Reached XP level 7. HP: 14/56 MP: 7/7
  4080 | D:4      | Reached skill level 6 in Fighting
  4164 | D:5      | Entered Level 5 of the Dungeon
  4273 | D:5      | Reached skill level 5 in Staves
  4273 | D:5      | Reached XP level 8. HP: 39/64 MP: 8/8
  4419 | D:5      | Found a white marble altar of Elyvilon.
  4680 | D:1      | Bought a pair of glowing boots for 180 gold pieces
  4997 | D:5      | Found a blossoming altar of Fedhas.
  5057 | D:5      | Reached skill level 7 in Fighting
  5398 | D:5      | Found a broken altar of Ashenzari.
  5712 | D:6      | Found a glowing golden altar of the Shining One.
  5803 | D:6      | Reached XP level 9. HP: 67/72 MP: 9/9
  6044 | D:4      | Bought a +2 plate armour of fire resistance for 560 gold
                  | pieces
  6327 | D:7      | Reached skill level 8 in Fighting
  6523 | D:7      | Found a shimmering blue altar of Sif Muna.
  6624 | D:7      | Found a staircase to the Ecumenical Temple.
  6995 | D:7      | Found a hide-covered altar of Uskayaw.
  7196 | D:8      | Noticed a hornet
  7202 | D:8      | Killed a hornet
  7203 | D:8      | Reached skill level 9 in Fighting
  7203 | D:8      | Reached XP level 10. HP: 55/83 MP: 10/10
  7670 | D:8      | Found an iron altar of Okawaru.
  8531 | D:9      | Found an ancient bone altar of Kikubaaqudgha.
  8566 | D:9      | Reached skill level 10 in Fighting
  8570 | D:9      | Reached skill level 10 in Armour
  8735 | D:9      | Noticed a two-headed ogre
  8753 | D:9      | Killed a two-headed ogre
  8754 | D:9      | Reached XP level 11. HP: 39/92 MP: 11/11
  9027 | D:9      | Found a staircase to the Orcish Mines.
  9706 | D:10     | Entered Level 10 of the Dungeon
  9706 | D:10     | Found a staircase to the Lair.
  9727 | D:10     | Noticed an elephant
  9781 | D:10     | Reached skill level 11 in Fighting
  9789 | D:10     | Killed an elephant
  9941 | D:10     | Reached skill level 10 in Staves
  9962 | D:10     | Found a stormy altar of Qazlal.
 10826 | D:10     | Noticed Joseph
 10866 | D:10     | Killed Joseph
 11354 | D:11     | Reached skill level 12 in Fighting
 11354 | D:11     | Reached XP level 12. HP: 44/102 MP: 12/12
 14150 | D:12     | Acquired the ring of Xaycae {Ice Will++ Int-4 Dex+4 Stlth+}
 14497 | D:11     | Reached skill level 13 in Fighting
 15603 | D:13     | Identified the +1 pair of boots of the Gate {rC+ Int-5
                  | Dex+3 Slay+4}
 15605 | D:13     | Bought a scroll of identify for 68 gold pieces
 15619 | D:13     | Lost intelligence.
 15662 | D:13     | Noticed Frances
 15686 | D:13     | Killed Frances
 15687 | D:13     | Reached XP level 13. HP: 44/111 MP: 13/13
 16009 | D:13     | Noticed Josephine
 16070 | D:13     | Killed Josephine
 16895 | D:13     | Reached skill level 14 in Fighting
 17147 | D:13     | Found a glowing silver altar of Zin.
 17147 | D:13     | Noticed an angel
 17649 | D:14     | Noticed a boulder beetle
 17708 | D:14     | Killed a boulder beetle
 18251 | D:14     | Noticed an ogre mage
 18274 | D:14     | Killed an ogre mage
 18774 | D:14     | Found a sparkling altar of Nemelex Xobeh.
 18852 | D:14     | Acquired a +4 vampiric lajatang
 18946 | D:14     | Got Nues's Tractate on the Gathering
 18973 | D:14     | Found a gate to the Vaults.
 19055 | D:14     | Identified the +6 trident of Reur Feo {holy, Str+7}
 19106 | D:14     | Found a runed translucent door.
 19107 | D:14     | Noticed 112233's ghost (journeyman OpEE)
 19255 | D:15     | Entered Level 15 of the Dungeon
 19318 | D:15     | Noticed a centaur warrior
 19325 | D:15     | Killed a centaur warrior
 19326 | D:15     | Reached XP level 14. HP: 121/121 MP: 14/14
 19330 | D:15     | Noticed Kirke
 19347 | D:15     | Killed Kirke
 19670 | D:15     | Reached skill level 15 in Fighting
 19670 | D:15     | Reached skill level 15 in Armour
 19832 | D:15     | Noticed a purple very ugly thing
 19849 | D:15     | Killed a purple very ugly thing
 20049 | D:15     | Found a staircase to the Depths.
 20447 | D:15     | Found a runed translucent gate.
 20448 | D:15     | Found a runed translucent gate.
 20451 | D:15     | Found a runed translucent gate.
 20451 | D:15     | Found an opulent altar of Gozag.
 20454 | D:15     | Found Quplu's Assorted Antiques.
 20454 | D:15     | Noticed Giaff's ghost (journeyman DsGl)
 20456 | D:15     | Found Faklag's Assorted Antiques.
 20810 | D:15     | Reached skill level 1 in Dodging
 20977 | Lair:1   | Entered Level 1 of the Lair of Beasts
 21248 | Lair:1   | Reached skill level 5 in Shields
 21332 | Lair:1   | Reached skill level 16 in Fighting
 21407 | Lair:1   | Reached XP level 15. HP: 76/131 MP: 15/15
 21767 | Lair:1   | Noticed t4s4d4r's ghost (journeyman GrEE)
 21788 | Lair:1   | Found a bloodstained altar of Trog.
 21788 | Lair:1   | Found a transporter.
 21855 | Lair:1   | Found a transporter.
 23134 | Lair:3   | Found a staircase to the Shoals.
 23262 | Lair:3   | Found a hole to the Spider Nest.
 24089 | Lair:4   | Reached skill level 5 in Dodging
 24126 | Lair:4   | Found a frozen archway.
 24133 | IceCv    | Entered an ice cave
 24484 | IceCv    | Noticed a reaper
 24502 | IceCv    | Killed a reaper
 25234 | Lair:4   | Reached skill level 17 in Fighting
 25578 | Lair:4   | Found a staircase to the Slime Pits.
 25831 | Lair:5   | Entered Level 5 of the Lair of Beasts
 26116 | Lair:5   | Reached skill level 10 in Shields
 26353 | Lair:5   | Reached XP level 16. HP: 141/141 MP: 16/16
 28448 | Orc:1    | Entered Level 1 of the Orcish Mines
 28465 | Orc:1    | Found Cyghaisi's Vocational Training.
 28515 | Orc:1    | Bought a manual of Evocations for 1200 gold pieces
 28886 | Orc:2    | Entered Level 2 of the Orcish Mines
 28890 | Orc:2    | Reached skill level 18 in Fighting
 28998 | Orc:2    | Found Maoq's Assorted Antiques.
 29160 | Orc:2    | Found Sapsilur's Weapon Emporium.
 29163 | Orc:2    | Bought a potion of heal wounds for 155 gold pieces
 29165 | Orc:2    | Found Tovientira's Book Boutique.
 29166 | Orc:2    | Found Soagg's Assorted Antiques.
 29205 | Orc:2    | Bought a scroll of magic mapping for 255 gold pieces
 29205 | Orc:2    | Bought a scroll of brand weapon for 323 gold pieces
 29727 | Orc:2    | Found a staircase to the Elven Halls.
 29862 | Orc:2    | Reached XP level 17. HP: 134/148 MP: 14/17
 30185 | Spider:1 | Entered Level 1 of the Spider Nest
 30621 | Spider:1 | Got the Discourse on the Compass and Striking
 32233 | Spider:2 | Reached skill level 19 in Fighting
 32948 | Spider:2 | Reached skill level 10 in Dodging
 34217 | Spider:3 | Noticed Nikola
 34256 | Spider:3 | Killed Nikola
 34480 | Spider:3 | Reached skill level 15 in Shields
 35364 | Spider:4 | Entered Level 4 of the Spider Nest
 35370 | Spider:3 | Reached XP level 18. HP: 160/160 MP: 18/18
 36327 | Spider:4 | Reached skill level 20 in Fighting
 37108 | Spider:4 | HP: 3/162 [emperor scorpion (29)]
 37108 | Spider:4 | Slain by an emperor scorpion

Illustrated notes

Levels and vault maps discovered:
D:1:      ebering_trefoil_twist, layout_loops_ring, serial_shops, shop,
          item_on_display_a
D:2:      cheibrodos_greedy_goblins, layout_basic,
          dreamdust_ecumenical_altar_hidden_monk_grotto,
          kennysheep_generic_room_12
D:3:      layout_basic, gup_sewer_entry_bowl, st_stairs_11, uniq_robin
D:4:      layout_basic, roderic_batcave, uniq_edmund
D:5:      layout_rooms, elyvilon_altar_3, nicolae_overflow_crystal_walls,
          lemuel_coloured_pillars_altar
D:6:      layout_cave_pools, tso_altar, bh_walls_and_bars
D:7:      layout_rooms, tgw_sif, nicolae_uskayaw_murder_on_the_dancefloor,
          minmay_temple_entry_overgrown
D:8:      layout_basic, okawaru_humans, minmay_misc_feat_tiny,
          minmay_misc_feat_plants, nicolae_figureground_pulse
D:9:      layout_loops_ring, mainiacjoe_overflow_tiny_flanked, erik_orc_3
D:10:     layout_loops_ring, grunt_qazlal_sundering, david_lair_generic,
          minmay_sticks_and_stones
D:11:     layout_basic
D:12:     layout_long_grid
D:13:     layout_loops_ring, zin_angel, uniq_josephine, uniq_frances
D:14:     layout_rooms, hangedman_vaults_entry_quadrant_bands,
          ebering_ghost_funeral_grove, nemelex_spade_bored_becter
D:15:     gammafunk_enter_depths_forms, layout_long_grid, ebering_ghost_gozag,
          chequers_mini_garden, grunt_ministairs_3, uniq_kirke
Lair:1:   layout_regular_city, gammafunk_ghost_wrathful_warriors,
          evilmike_ambush [evilmike_ambush_outer_pillars,
          evilmike_ambush_inner_basic], grunt_megastairs_2
Lair:2:   layout_regular_city
Lair:3:   layout_layer_cave, minmay_shoals_entry_centaurs,
          hellmonk_spider_entry_not_the_bees, amcnicky_mini_pool_medium
Lair:4:   layout_regular_city, slime_entry_1, portal_ice_cave_entry_pillars_2,
          nicolae_lair_run_with_the_wolves, grunt_megastairs_1,
          lemuel_fruit_tree, infiniplex_staircase_pool
Lair:5:   due_jungle_book, layout_loops_ring, dpeg_oklob_1
Spider:1: nicolae_spider_hilbert_zone_4 [nicolae_spider_hilbert_4_sides_2_open,
          nicolae_spider_hilbert_4_sides_1_open,
          nicolae_spider_hilbert_4_sides_1_open,
          nicolae_spider_hilbert_4_sides_1_open,
          nicolae_spider_hilbert_4_sides_1_open,
          nicolae_spider_hilbert_2_sides_1_open,
          nicolae_spider_hilbert_2_sides_1_open,
          nicolae_spider_hilbert_2_sides_1_open,
          nicolae_spider_hilbert_2_sides_1_open,
          nicolae_spider_hilbert_6_sides_1_open,
          nicolae_spider_hilbert_6_sides_1_open,
          nicolae_spider_hilbert_3_sides_1_open,
          nicolae_spider_hilbert_3_sides_1_open]
Spider:2: layout_spider_delve, drop_trap, hangedman_spider_tarantella_strand
Spider:3: layout_spider_delve, guppyfry_hornet_nest, uniq_nikola
Spider:4: spider_rune_water
Orc:1:    layout_diamond_mine, nicolae_shop_vocational
Orc:2:    st_orc_open, layout_diamond_mine

Skill      XL: |  1  2  3  4  5  6  7  8  9 10 11 12 13 14 15 16 17 18 |
---------------+-------------------------------------------------------+-----
Fighting       | 4 5 6 7 9 10 12 13 14 16 17 18 19 20 | 20.1
Armour         | 4 5 6 7 9 10 12 13 14 15 | 15.8
Staves         | 3 4 5 6 7 9 10 12 13 14 | 14.7
Dodging        | 2 6 8 10 11 | 11.4
Shields        | 5 10 12 15 16 | 16.2

Action                   |  1- 3 |  4- 6 |  7- 9 | 10-12 | 13-15 | 16-18 || total
-------------------------+-------+-------+-------+-------+-------+-------++-------
Melee: Quarterstaff      |    89 |   189 |   383 |  1071 |   429 |       ||  2161
       Lajatang          |       |       |       |       |   855 |  1501 ||  2356
Throw: Throwing net      |       |       |       |       |     4 |       ||     4
Invok: Call Merchant     |       |     2 |       |     1 |       |       ||     3
 Abil: Dig               |     1 |     3 |     6 |     6 |     9 |    19 ||    44
Evoke: Wand              |       |     3 |       |    24 |     6 |     1 ||    34
       Phial of floods   |       |       |       |       |       |     2 ||     2
       Phantom mirror    |       |       |       |       |       |     2 ||     2
  Use: Scroll            |       |    13 |     9 |     7 |     8 |     3 ||    40
       Potion            |       |     1 |       |     4 |     5 |     8 ||    18
 Stab: Distracted        |       |       |       |     5 |    12 |    10 ||    27
       Invisible         |       |       |       |    13 |     1 |       ||    14
       Paralysed         |       |       |       |     1 |    11 |       ||    12
       Held in net/web   |       |       |       |       |     4 |       ||     4
Armor: Scale mail        |    32 |    80 |   130 |       |       |       ||   242
       Plate armour      |       |       |    95 |   654 |   619 |   656 ||  2024
Dodge: Dodged            |    35 |    83 |   158 |   331 |   317 |   634 ||  1558
Block: Buckler           |    25 |    41 |    82 |   215 |   263 |   472 ||  1098
